 Dungeon Crawl Stone Soup version 0.21.1-1-g345015fe64 (webtiles) character file.

527583 malin the Slayer (level 25, 0/226 HPs)
             Began as a Merfolk Gladiator on Feb 17, 2018.
             Was a High Priest of Qazlal.
             Slain by a sun demon (19 damage)
             ... on level 2 of the Abyss on Feb 21, 2018.
             The game lasted 06:52:30 (70740 turns).

malin the Slayer (Merfolk Gladiator)               Turns: 70740, Time: 06:52:30

Health: 0/226      AC: 22    Str: 28    XL:     25   Next: 52%
Magic:  32/32      EV: 19    Int:  8    God:    Qazlal [*****.]
Gold:   127        SH: 29    Dex: 21    Spells: 24/24 levels left

rFire    + + +     SeeInvis +   Y - +10 trident "Pendulum" {pierce, Str+5 Stlth+}
rCold    + + +     Gourm    .   w - +4 shield {rC+}
rNeg     . . .     Faith    .   N - +0 gold dragon scales
rPois    +         Spirit   .   C - +2 helmet {SInv}
rElec    .         Reflect  .   J - +0 cloak
rCorr    .         Harm     .   T - +2 pair of gloves {Str+3}
MR       ++...                  z - +2 pair of boots {Stlth+}
Stlth    ..........             x - amulet of regeneration
HPRegen  0.00/turn              G - ring of Jealousy {Wiz rC+ MR+}
MPRegen  0.23/turn              i - ring of protection from fire

@: protected from fire, non-regenerating, diseased, repel missiles
A: change form in water, swift swim, stealthy swim, low mp 1, poison resistance
}: 3/15 runes: decaying, serpentine, silver
a: Upheaval, Elemental Force, Disaster Area, Renounce Religion


You were on level 2 of the Abyss.
You worshipped Qazlal.
Qazlal was extremely pleased with you.
You were not hungry.

You visited 12 branches of the dungeon, and saw 46 of its levels.
You visited the Abyss 2 times.
You also visited: Wizlab.

You collected 5198 gold pieces.
You spent 5071 gold pieces at shops.

Inventory:

Hand Weapons
 M - a +5 blowgun
 Y - the +10 trident "Pendulum" (weapon) {pierce, Str+5 Stlth+}
   (You acquired it on level 1 of the Elven Halls)

   It inflicts extra damage upon your enemies.
   It affects your strength (+5).
   It makes you more stealthy.
Missiles
 m - 30 tomahawks (quivered)
 v - 14 curare-tipped needles
Armour
 w - a +4 shield of cold resistance (worn)
 z - a +2 pair of boots of stealth (worn)
 C - a +2 helmet of see invisible (worn)
 J - a +0 cloak (worn)
 N - +0 gold dragon scales (worn)
 T - a +2 pair of gloves of strength (worn)
Jewellery
 a - an uncursed ring of positive energy
 i - a ring of protection from fire (right hand)
 x - an amulet of regeneration (around neck)
 B - an uncursed amulet of guardian spirit
 G - the ring of Jealousy (left hand) {Wiz rC+ MR+}
   (You took it off an ogre mage on level 5 of the Vaults)

   [ring of wizardry]

   It improves your spell success rate.
   It protects you from cold.
   It affects your resistance to hostile enchantments.
Wands
 b - a wand of acid (19)
 g - a wand of enslavement (71)
 l - a wand of disintegration (6)
 n - a wand of paralysis (37)
 o - a wand of digging (24)
 q - a wand of iceblast (32)
 y - a wand of polymorph (104)
 A - a wand of clouds (6)
 R - a wand of scattershot (21)
 Z - a wand of flame (22)
Scrolls
 d - 3 scrolls of silence
 j - 25 scrolls of remove curse
 r - 7 scrolls of magic mapping
 F - 2 scrolls of teleportation
 H - a scroll of blinking
 K - 14 scrolls of identify
 S - 2 scrolls of fear
 W - 6 scrolls of fog
Potions
 c - a potion of mutation
 e - 11 potions of curing
 p - 6 potions of invisibility
 s - a potion of might
 t - a potion of haste
 u - a potion of resistance
 D - a potion of heal wounds
 I - 2 potions of ambrosia
 P - 9 potions of flight
 U - 8 potions of lignification
 X - 3 potions of cancellation
Miscellaneous
 k - a phial of floods
Comestibles
 f - 13 rations


   Skills:
 + Level 24.9 Fighting
 + Level 15.0 Polearms
 - Level 2.0 Throwing
 + Level 22.8 Dodging
 + Level 22.2 Shields
 - Level 17.3 Invocations
 + Level 10.9 Evocations


You had 24 spell levels left.
You didn't know any spells.

Dungeon Overview and Level Annotations

Branches:
Dungeon (15/15)            Temple (1/1) D:4            Lair (6/6) D:8
  Swamp (4/4) Lair:2        Snake (4/4) Lair:3        Slime (1/5) Lair:5
    Orc (2/2) D:9             Elf (1/3) Orc:2        Vaults (5/5) D:13
  Crypt (0/3) Vaults:3     Depths (5/5) D:15           Hell (1/1)
    Zot (1/5) Depths:5
    Dis: Hell:1         Geh: Hell:1         Coc: Hell:1         Tar: Hell:1

Altars:
Ashenzari
Cheibriados
Dithmenos
Elyvilon
Fedhas
Gozag
Hepliaklqana
Kikubaaqudgha
Makhleb
Nemelex Xobeh
Okawaru
Qazlal
Ru
Sif Muna
Trog
Uskayaw
Vehumet
Wu Jian
Xom
Yredelemnul
Zin
The Shining One
Jiyva

Shops:
D:6 [   D:7 [   D:13 %   Orc:1 (   Orc:2 [*[*   Elf:1 }   Snake:1 !   Snake:2 [
Vaults:2 (   Vaults:3 =   Vaults:5 ?!!!%%?%   Depths:1 *   Depths:3 }=
Depths:5 }==

Portals:
Hell: Depths:1 Depths:2 Depths:3 Depths:4 Depths:5
Abyss: Depths:4 Depths:5
Pandemonium: Depths:3
Ziggurat: Depths:5

Annotations:
D:13 exclusion: downstairs
Snake:3 exclusion: downstairs
Slime:1 ponypharmacist's ghost, journeyman GrFi
Depths:1 exclusion: orange crystal statue
Depths:3 exclusion: eye of draining
Hell Geryon


Innate Abilities, Weirdness & Mutations

You revert to your normal form in water.
You are very nimble and swift while swimming.
You are very stealthy in the water. (Stealth+)
Your magical capacity is low. (-10% MP)
Your system is resistant to poisons. (rPois)


Message History

* * * LOW HITPOINT WARNING * * *
The fireball engulfs the hell hog.
The hell hog resists.
You puncture the hell hog!
The hell hog is severely wounded.
The hell hog closely misses you.
You impale the hell hog!!
You kill the hell hog!
Qazlal accepts your kill.
A sun demon comes into view.
The sun demon shouts!
You puncture the small abomination!
You destroy the small abomination!
Qazlal accepts your kill.
You feel ill.
A small abomination comes into view.
You feel ill.
You see here a scroll of teleportation.
F - 2 scrolls of teleportation (gained 1)
You hit the sun demon but do no damage. The sun demon hits you!!
You die...

##.##.#..... #.
#.... . # . ###.#.
.. # #.# .# ..... .
#.# #..x.##
###...###.. #x#
.#x..##..#.#.#...#
..
####x###..##..#...#
. #.. #
x#..##..#§..#..# .
#.. ..#.x§3.....# .
# #.#....#.#@§#..#
.# .##.###.##.§.#
.# .. #..#.#..##..#
# # #..## ##.#....
## #... .....# #
...#.# #. . #.


You could see a sun demon and a small abomination.

Vanquished Creatures
  Mara (Depths:3)
  2 ancient liches
  Boris (Depths:4)
  Vashnia (Snake:4)
  A caustic shrike (Depths:4)
  6 golden dragons
  A bone dragon (Vaults:2)
  Rupert (Orc:1)
  5 tentacled monstrosities
  5 titans
  2 liches
  A quicksilver dragon (Vaults:5)
  Kirke (Swamp:4)
  A sphinx (Vaults:5)
  A storm dragon (Depths:4)
  4 tentacled starspawn
  A draconian monk (Depths:5)
  8 tengu reavers
  An ancient champion (WizLab)
  8 shadow dragons (Vaults:5)
  Donald (Snake:1)
  4 nagarajas
  9 frost giants
  16 vault wardens
  2 draconian knights (Depths:5)
  5 fire giants
  2 orc warlords
  4 deep elf sorcerers
  An iron dragon (Vaults:5)
  A cacodemon (Abyss:3)
  The ghost of Marvel the Severer, a journeyman MiFi of Okawaru (Depths:1)
  2 spriggan defenders (Depths:4)
  16 ironheart preservers
  An angel (Abyss:3)
  11 very ugly things
  A war gargoyle (Vaults:4)
  An entropy weaver (Vaults:4)
  2 reapers (Depths:1)
  16 stone giants
  A lorocyproca (Abyss:3)
  A black draconian (Depths:5)
  2 vampire knights (Depths:2)
  Nessos (D:13)
  2 starcursed masses (Abyss:2)
  3 spark wasps (Depths:3)
  2 white draconians (Depths:5)
  A yellow draconian (Depths:5)
  A green draconian (Depths:5)
  3 deep elf annihilators (Vaults:5)
  A spark wasp (shapeshifter) (Vaults:5)
  Snorg (D:13)
  A purple draconian (Depths:5)
  The ghost of gmrwt the Thaumaturge, a journeyman HuFE of Sif Muna (Lair:3)
  2 merfolk javelineers (Depths:4)
  A deep elf high priest (Depths:5)
  11 ettins
  8 great orbs of eyes
  Josephine (D:13)
  A merfolk impaler (Depths:1)
  A blizzard demon (Depths:3)
  16 ogre magi
  19 yaktaur captains
  39 vault guards
  7 rakshasas
  3 fire dragons
  11 hydras
  Erolcha (D:12)
  3 ghost crabs
  12 ice dragons
  2 spriggan air magi (Depths:4)
  19 naga warriors
  9 anacondas
  12 centaur warriors
  39 two-headed ogres
  3 death knights
  An alligator (shapeshifter) (D:14)
  9 tengu warriors
  7 dancing weapons
  3 alligators
  3 death yaks (D:8)
  A two-headed ogre (shapeshifter) (D:15)
  2 deep troll earth magi (Depths:3)
  3 hell hogs
  3 vampire magi
  3 deep troll shamans
  11 deep elf knights
  A soul eater (Depths:4)
  7 shock serpents
  3 sun demons
  5 spriggan berserkers
  19 naga sharpshooters
  A thrashing horror (Abyss:2)
  A titan skeleton (Depths:4)
  Urug (Orc:2)
  5 orc high priests (Orc:2)
  3 shadow wraiths
  2 iron trolls (Depths:3)
  Nergalle (D:9)
  Sonja (Lair:2)
  2 wretched stars
  4 sixfirhies
  8 salamander mystics
  A flayed ghost (Vaults:3)
  An infernal demonspawn (Depths:3)
  10 unseen horrors
  10 skeletal warriors
  A spriggan druid (Swamp:4)
  15 deep trolls
  A glowing orange brain (shapeshifter) (Depths:4)
  5 swamp dragons
  12 wizards
  3 phantasmal warriors
  A lindwurm (Lair:6)
  24 orc knights
  4 deep elf archers
  14 ironbrand convokers
  Pikel (D:7)
  60 ugly things
  8 glowing orange brains
  8 mana vipers
  3 naga ritualists
  4 necromancers
  38 deep elf magi
  2 oklob plants (Lair:1)
  A wolf spider (shapeshifter) (Depths:1)
  3 wolf spiders
  An iron dragon zombie (Depths:4)
  3 orc sorcerers
  12 salamanders
  5 manticores
  A worldbinder (Abyss:3)
  A frost giant zombie (Depths:4)
  9 cyclopes
  7 vault sentinels
  A cyclops (shapeshifter) (Vaults:5)
  2 salamanders (shapeshifter)
  Joseph (D:7)
  2 centaur zombies
  9 guardian serpents
  35 black mambas
  6 elephants
  A gargoyle (D:15)
  An apocalypse crab (Abyss:2)
  20 naga magi
  4 smoke demons
  An orange demon (Abyss:3)
  17 eyes of devastation (Depths:3)
  A spiny frog (shapeshifter) (D:14)
  16 spiny frogs
  5 spectral swamp worms (Depths:1)
  A demonic crawler (Abyss:2)
  3 kobold demonologists (D:14)
  A dire elephant skeleton (Abyss:2)
  6 komodo dragons
  A yaktaur (shapeshifter) (Depths:3)
  60 yaktaurs
  A rime drake (Lair:6)
  A tormentor (Abyss:2)
  4 red devils
  13 freezing wraiths
  An efreet (D:15)
  3 tengu conjurers
  2 komodo dragons (shapeshifter)
  8 trolls
  2 hellwings (Depths:4)
  An ancient zyme (Abyss:2)
  A hydra zombie (Swamp:3)
  2 jumping spiders (Vaults:4)
  2 jumping spiders (shapeshifter)
  9 polar bears
  16 hornets
  7 tyrant leeches
  37 slime creatures
  14 blink frogs
  A harpy skeleton (D:14)
  7 raiju
  An alligator zombie (Swamp:3)
  A raiju (shapeshifter) (Vaults:3)
  14 dream sheep
  14 hippogriffs
  A stone giant simulacrum (Vaults:3)
  5 large abominations
  4 bog bodies
  A redback (shapeshifter) (Vaults:4)
  23 spriggans
  2 redbacks
  A spriggan (shapeshifter) (D:15)
  4 wyverns
  5 wraiths
  A ynoxinul (Abyss:2)
  An air elemental (Elf:1)
  45 yaks
  4 vampires (WizLab)
  18 water elementals
  20 humans
  4 shadows
  6 fire bats (Abyss:3)
  2 hungry ghosts
  2 hogs (Swamp:4)
  2 golden eyes (Depths:3)
  A hog (shapeshifter) (Depths:1)
  A neqoxec (Depths:3)
  A fire elemental (Depths:1)
  9 vampire mosquitoes
  3 swamp worm simulacra (Swamp:4)
  4 wargs
  5 insubstantial wisps
  5 two-headed ogre zombies (WizLab)
  A warg (shapeshifter) (Vaults:4)
  60 nagas
  17 swamp worms
  3 hell hounds (Abyss:3)
  14 hydra simulacra (Swamp:4)
  6 acid dragons
  6 swamp drakes
  15 water moccasins
  A floating eye (Depths:4)
  58 orc warriors
  A porcupine (shapeshifter) (D:15)
  7 porcupines
  Duvessa (D:4)
  4 phantoms
  6 ice beasts
  5 black bears
  36 ogres
  22 centaurs
  48 wolves
  A swamp dragon zombie (Swamp:3)
  19 boggarts
  11 crocodiles
  A crocodile (shapeshifter) (Depths:5)
  2 big kobolds (D:14)
  13 bullfrogs
  7 small abominations
  An earth elemental (Elf:1)
  Dowan (D:4)
  2 water moccasin zombies
  3 scorpions
  A water moccasin skeleton (D:4)
  3 killer bees (D:10)
  7 troll zombies (WizLab)
  8 wights
  2 electric eels
  6 howler monkeys
  A howler monkey (shapeshifter) (Vaults:1)
  12 crimson imps
  A jelly (D:10)
  A hound (shapeshifter) (Depths:5)
  3 quasits
  A wyvern simulacrum (D:9)
  2 bullfrog skeletons
  3 bullfrog zombies
  7 hounds
  34 orc priests
  7 centaur skeletons
  3 iron imps
  20 orc wizards
  Ijyb (D:4)
  4 iguanas
  13 worker ants
  A hell rat (D:8)
  7 ogre zombies (WizLab)
  A hound zombie (D:5)
  2 hound skeletons (D:4)
  3 worker ant zombies
  A howler monkey zombie (D:5)
  A killer bee simulacrum (D:9)
  11 adders
  6 gnolls
  A river rat (D:8)
  A swamp drake zombie (Swamp:3)
  2 hound simulacra (D:9)
  5 shadow imps
  6 white imps
  A howler monkey simulacrum (D:9)
  2 ufetubi (Abyss:2)
  3 oozes
  5 swamp drake simulacra (Swamp:4)
  3 adder zombies
  A worm (D:2)
  3 dart slugs
  An adder simulacrum (D:9)
  5 leopard geckos
  128 orcs
  A ball python (D:4)
  8 bats
  3 giant cockroaches
  26 goblins
  15 hobgoblins
  28 jackals
  9 kobolds
  7 quokkas
  6 frilled lizards
  A leopard gecko skeleton (D:4)
  A quokka skeleton (D:5)
  16 rats
  2 butterflies (Lair:2)
  2 plants
  4 starspawn tentacles
2145 creatures vanquished.

Vanquished Creatures (collateral kills)
  Nikola (Vaults:2)
  A tengu reaver (Vaults:5)
  A fire giant (Vaults:5)
  An iron dragon (Vaults:5)
  An ironheart preserver (Vaults:5)
  A great orb of eyes (Vaults:2)
  An ogre mage (Vaults:5)
  5 two-headed ogres (Vaults:5)
  An ironbrand convoker (Vaults:5)
  2 vault sentinels
  2 yaktaurs (Vaults:5)
  An orc (Vaults:2)
  A starspawn tentacle (Abyss:3)
19 creatures vanquished.

Vanquished Creatures (others)
  An azure jelly (Swamp:4)
  A shadow wraith (Vaults:2)
  An unseen horror (Abyss:3)
  A large abomination (Abyss:3)
  A guardian serpent (Snake:4)
  A small abomination (Abyss:3)
  A spriggan (Lair:2)
  2 humans (Swamp:4)
  A naga (Snake:4)
  A swamp drake (Swamp:4)
  2 orc warriors (Orc:1)
  A boggart (Elf:1)
  A centaur (Vaults:2)
  An ogre (Depths:2)
  3 howler monkeys (D:7)
  A centaur skeleton (D:7)
  A jelly (D:7)
  An orc wizard (Vaults:3)
  A hound zombie (D:7)
  A howler monkey skeleton (D:7)
  2 ufetubi (Abyss:3)
  2 orcs
  A jackal (D:7)
  7 fungi
  11 plants
  34 starspawn tentacles
81 creatures vanquished.

Grand Total: 2245 creatures vanquished

Notes
Turn   | Place    | Note
-------+----------+-------------------------------------------
     0 | D:1      | malin the Merfolk Gladiator began the quest for the Orb.
     0 | D:1      | Reached XP level 1. HP: 16/16 MP: 1/1
    60 | D:1      | Reached skill level 5 in Polearms
    62 | D:1      | Reached XP level 2. HP: 20/22 MP: 2/2
   752 | D:1      | Reached XP level 3. HP: 24/27 MP: 3/3
  1585 | D:2      | Reached XP level 4. HP: 33/33 MP: 4/4
  2261 | D:2      | Reached XP level 5. HP: 38/38 MP: 5/5
  3002 | D:3      | Reached XP level 6. HP: 34/44 MP: 6/6
  3710 | D:4      | Noticed Duvessa
  3890 | D:3      | Reached skill level 10 in Polearms
  4326 | D:4      | Reached XP level 7. HP: 50/50 MP: 7/7
  4520 | D:4      | Found a burning altar of Makhleb.
  4649 | D:4      | Found a staircase to the Ecumenical Temple.
  4656 | D:4      | Found a faded altar of an unknown god.
  4669 | Temple   | Entered the Ecumenical Temple
  4866 | Temple   | Became a worshipper of Qazlal Stormbringer
  5007 | D:4      | Noticed Ijyb
  5020 | D:4      | Killed Ijyb
  5332 | D:4      | Found a hide-covered altar of Uskayaw.
  5571 | D:4      | Killed Duvessa
  5571 | D:4      | Reached XP level 8. HP: 48/56 MP: 8/8
  5572 | D:4      | Noticed Dowan
  5583 | D:4      | Killed Dowan
  5720 | D:5      | Entered Level 5 of the Dungeon
  6288 | D:5      | Reached * piety under Qazlal
  6438 | D:5      | You fall through a shaft for 2 floors!
  6441 | D:7      | Reached skill level 1 in Invocations
  6443 | D:7      | Noticed Pikel
  6475 | D:7      | Killed Pikel
  6475 | D:7      | Reached skill level 5 in Invocations
  6475 | D:7      | Reached XP level 9. HP: 56/61 MP: 9/13
  6499 | D:7      | Found a burning altar of Makhleb.
  6524 | D:7      | Noticed Joseph
  6562 | D:7      | Killed Joseph
  6772 | D:6      | Found Buhaox's Antique Armour Boutique.
  6972 | D:6      | Reached ** piety under Qazlal
  7224 | D:6      | Found a radiant altar of Vehumet.
  7655 | D:7      | Found Epoal's Antique Armour Emporium.
  7666 | D:7      | Bought a pair of runed boots for 142 gold pieces
  7707 | D:7      | Reached skill level 3 in Fighting
  7715 | D:7      | Reached skill level 5 in Dodging
  8231 | D:8      | Reached skill level 4 in Fighting
  8383 | D:8      | Noticed a hornet
  8390 | D:8      | Killed a hornet
  8390 | D:8      | Reached skill level 5 in Fighting
  8390 | D:8      | Reached XP level 10. HP: 74/74 MP: 16/16
  8425 | D:8      | Found a staircase to the Lair.
  8425 | D:8      | Noticed a death yak
  8425 | D:8      | Noticed a death yak
  8425 | D:8      | Noticed a death yak
  8461 | D:8      | Killed a death yak
  8461 | D:8      | Reached skill level 6 in Fighting
  8744 | D:8      | Killed a death yak
  8744 | D:8      | Reached skill level 7 in Fighting
  8763 | D:8      | Killed a death yak
  8903 | Lair:1   | Entered Level 1 of the Lair of Beasts
  8962 | D:8      | Found a shadowy altar of Dithmenos.
  8965 | D:8      | Found a burning altar of Makhleb.
  8968 | D:8      | Found a sparkling altar of Nemelex Xobeh.
  9195 | D:9      | Reached skill level 8 in Fighting
  9208 | D:9      | Reached skill level 10 in Dodging
  9348 | D:9      | Noticed a two-headed ogre
  9384 | D:10     | Entered Level 10 of the Dungeon
  9418 | D:10     | Reached XP level 11. HP: 87/87 MP: 15/17
  9453 | D:10     | Reached *** piety under Qazlal
  9502 | D:10     | Noticed a tengu warrior
  9507 | D:10     | Noticed a tengu warrior
  9515 | D:10     | Killed a tengu warrior
  9515 | D:10     | Reached skill level 9 in Fighting
  9527 | D:10     | Killed a tengu warrior
  9631 | D:9      | Noticed a two-headed ogre
  9692 | D:10     | Reached skill level 1 in Shields
  9790 | D:10     | Noticed a two-headed ogre
  9795 | D:10     | Killed a two-headed ogre
 10703 | D:9      | Found a staircase to the Orcish Mines.
 10748 | D:9      | Reached skill level 10 in Fighting
 10791 | D:9      | Reached **** piety under Qazlal
 10939 | D:9      | Killed a two-headed ogre
 11102 | D:9      | Killed a two-headed ogre
 11102 | D:9      | Reached skill level 5 in Shields
 11181 | Orc:1    | Entered Level 1 of the Orcish Mines
 11256 | D:9      | Found a bloodstained altar of Trog.
 11689 | D:11     | Noticed a manticore
 11699 | D:11     | Killed a manticore
 11699 | D:11     | Reached XP level 12. HP: 97/99 MP: 18/18
 11722 | D:11     | Reached skill level 11 in Fighting
 12153 | D:11     | Noticed a two-headed ogre
 12160 | D:11     | Killed a two-headed ogre
 12491 | D:11     | Reached skill level 12 in Fighting
 12749 | D:11     | Got a pitted war axe {elec}
 12945 | D:12     | Noticed a two-headed ogre
 13063 | D:12     | Identified the +10 war axe of the Pillar {elec, rElec rN+ Dex+2} (You took it off an orc on level 11 of the Dungeon)
 13119 | D:12     | Noticed Erolcha
 13127 | D:12     | Killed Erolcha
 13252 | D:12     | Killed a two-headed ogre
 13252 | D:12     | Reached skill level 13 in Fighting
 13252 | D:12     | Reached XP level 13. HP: 85/111 MP: 13/19
 13655 | D:13     | Noticed Nessos
 13670 | D:13     | Killed Nessos
 14276 | D:13     | Noticed Snorg
 14316 | D:13     | Killed Snorg
 14324 | D:13     | Noticed Josephine
 14340 | D:13     | Killed Josephine
 14684 | D:13     | Found Xeken's Food Boutique.
 15018 | D:13     | Reached skill level 14 in Fighting
 15124 | D:13     | Reached ***** piety under Qazlal
 15248 | D:13     | Noticed a vault guard
 15313 | D:13     | Noticed a vault guard
 15340 | D:13     | Killed a vault guard
 15572 | D:13     | Noticed a vault guard
 15597 | D:13     | Killed a vault guard
 15658 | D:13     | Killed a vault guard
 15786 | D:13     | Found a gate to the Vaults.
 16072 | D:14     | Reached skill level 15 in Fighting
 16072 | D:14     | Reached skill level 15 in Dodging
 16072 | D:14     | Reached XP level 14. HP: 117/123 MP: 18/20
 16962 | D:15     | Entered Level 15 of the Dungeon
 18026 | Lair:1   | Reached skill level 10 in Shields
 18342 | Lair:2   | Noticed Sonja
 18410 | Lair:1   | Reached skill level 16 in Fighting
 18956 | Lair:2   | Found a staircase to the Swamp.
 18966 | Swamp:1  | Entered Level 1 of the Swamp
 19079 | Lair:2   | Killed Sonja
 19166 | Lair:2   | Got a fine trident
 19167 | Lair:2   | Identified the cursed +1 trident "Vigrum" {pierce, Str+5} (You found it on level 2 of the Lair of Beasts)
 19670 | Lair:3   | Noticed gmrwt's ghost (journeyman HuFE)
 19687 | Lair:3   | Killed gmrwt's ghost
 19912 | Lair:3   | Found a staircase to the Snake Pit.
 20579 | Lair:4   | Reached XP level 15. HP: 125/132 MP: 19/21
 21303 | Lair:5   | Identified a scroll of acquirement
 21304 | Lair:5   | Got a sparkling turquoise ring
 21306 | Lair:5   | Identified the ring "Devoc" {rC+ Str+5 Int+4} (You acquired it on level 5 of the Lair of Beasts)
 21347 | Lair:5   | Found a viscous altar of Jiyva.
 21347 | Lair:5   | Found a staircase to the Slime Pits.
 21362 | Slime:1  | Entered Level 1 of the Pits of Slime
 21362 | Slime:1  | Noticed ponypharmacist's ghost (journeyman GrFi)
 21465 | Lair:5   | Reached skill level 17 in Fighting
 22563 | Lair:6   | Entered Level 6 of the Lair of Beasts
 22607 | Lair:5   | Reached skill level 1 in Evocations
 23246 | Lair:6   | Reached skill level 5 in Evocations
 24075 | Lair:6   | Found a snail-covered altar of Cheibriados.
 24541 | Orc:1    | Noticed Nergalle
 24622 | D:9      | Killed Nergalle
 24644 | Orc:1    | Found Xazoedil's Antique Weapon Boutique.
 24791 | Orc:2    | Entered Level 2 of the Orcish Mines
 24885 | Orc:2    | Noticed Rupert
 24958 | Orc:1    | Killed Rupert
 25372 | Orc:2    | Reached XP level 16. HP: 73/141 MP: 1/23
 25404 | Orc:2    | Reached skill level 10 in Evocations
 25880 | Orc:2    | Found Cycybo's General Store.
 25880 | Orc:2    | Found Istunic's Armour Emporium.
 25881 | Orc:2    | Found Pyfas's General Store.
 25881 | Orc:2    | Found Ediniott's Armour Emporium.
 25889 | Orc:2    | Bought a potion of heal wounds for 80 gold pieces
 25892 | Orc:2    | Bought a +2 pair of gloves of strength for 344 gold pieces
 25892 | Orc:2    | Bought a +2 scale mail of poison resistance for 288 gold pieces
 25895 | Orc:2    | Bought 2 potions of cancellation for 256 gold pieces
 25896 | Orc:2    | Bought a scroll of enchant weapon for 127 gold pieces
 25896 | Orc:2    | Bought a scroll of blinking for 127 gold pieces
 25896 | Orc:2    | Bought a scroll of enchant weapon for 127 gold pieces
 25896 | Orc:2    | Bought a potion of curing for 51 gold pieces
 26075 | Orc:2    | Found a staircase to the Elven Halls.
 26247 | Elf:1    | Entered Level 1 of the Elven Halls
 26361 | Orc:1    | Noticed Urug
 26967 | Swamp:1  | Reached ****** piety under Qazlal
 28415 | Swamp:3  | Reached skill level 18 in Fighting
 28603 | Swamp:4  | Entered Level 4 of the Swamp
 29631 | Swamp:4  | Noticed Kirke
 29651 | Swamp:4  | Killed Kirke
 30061 | Swamp:4  | Killed an azure jelly
 30301 | Swamp:4  | Reached XP level 17. HP: 137/151 MP: 22/24
 30339 | Swamp:4  | Got a decaying rune of Zot
 30934 | Snake:1  | Entered Level 1 of the Snake Pit
 31226 | Snake:1  | Noticed Donald
 31255 | Snake:1  | Killed Donald
 31472 | Snake:1  | Found Hairchio's Distillery.
 31475 | Snake:1  | Bought a potion of invisibility for 88 gold pieces
 31475 | Snake:1  | Bought a potion of curing for 33 gold pieces
 31475 | Snake:1  | Bought a potion of might for 44 gold pieces
 31475 | Snake:1  | Bought a potion of curing for 33 gold pieces
 31475 | Snake:1  | Bought a potion of lignification for 33 gold pieces
 31475 | Snake:1  | Bought a potion of lignification for 33 gold pieces
 32612 | Snake:2  | Reached skill level 19 in Fighting
 33024 | Snake:2  | Found Vamior's Antique Armour Shop.
 34876 | Snake:4  | Entered Level 4 of the Snake Pit
 35089 | Snake:4  | Reached XP level 18. HP: 147/162 MP: 21/25
 35533 | Snake:4  | Reached skill level 20 in Fighting
 37190 | Snake:4  | Noticed Vashnia
 37293 | Snake:4  | Killed Vashnia
 37445 | Snake:4  | Reached skill level 15 in Shields
 37581 | Snake:4  | Got a serpentine rune of Zot
 38464 | Vaults:1 | Entered Level 1 of the Vaults
 39726 | Vaults:2 | Found Jawo's Weapon Boutique.
 40258 | Vaults:1 | Reached XP level 19. HP: 171/171 MP: 26/26
 40623 | Vaults:1 | Reached skill level 21 in Fighting
 41773 | Vaults:3 | Found Heulelem's Jewellery Shoppe.
 41780 | Vaults:3 | Bought an uncursed amulet of the gourmand for 540 gold pieces
 41780 | Vaults:3 | Bought an uncursed ring of poison resistance for 360 gold pieces
 41847 | Vaults:3 | Noticed a bone dragon
 41848 | Vaults:3 | Found a staircase to the Crypt.
 41991 | Vaults:3 | Found a magical portal.
 42000 | WizLab   | Entered Zonguldrok's Shrine
 42566 | WizLab   | Noticed an antique lich
 42596 | WizLab   | Killed an antique lich
 42599 | WizLab   | Found the +9 sword of Zonguldrok {reap}
 43090 | Vaults:3 | Cast into level 3 of the Abyss (a deep elf sorcerer)
 43177 | Abyss:3  | Noticed a lich
 43181 | Abyss:3  | Noticed a profane servitor
 43190 | Abyss:3  | Noticed a lich
 43192 | Abyss:3  | Noticed a Tzitzimitl
 43490 | Abyss:3  | Found a runed door.
 43490 | Abyss:3  | Found a runed door.
 43490 | Abyss:3  | Found a runed door.
 43490 | Abyss:3  | Found a runed door.
 43490 | Abyss:3  | Found a runed door.
 43490 | Abyss:3  | Found a runed door.
 43492 | Abyss:3  | Noticed a hellephant
 43492 | Abyss:3  | Found a runed door.
 43492 | Abyss:3  | Found a runed door.
 43492 | Abyss:3  | Found a runed door.
 43525 | Abyss:3  | Found a runed door.
 43525 | Abyss:3  | Found a runed door.
 43777 | Abyss:3  | Gained mutation: You do not regenerate when monsters are visible. [a cacodemon]
 43820 | Abyss:3  | Reached XP level 20. HP: 62/127 MP: 8/22
 43822 | Vaults:3 | Escaped the Abyss
 43892 | Vaults:2 | Noticed Nikola
 43927 | Vaults:2 | Killed Nikola
 43932 | Vaults:2 | HP: 2/217 [orc knight/war axe of distortion (8)]
 45901 | D:14     | Reached skill level 22 in Fighting
 46175 | Temple   | Lost mutation: You do not regenerate when monsters are visible. [potion of mutation]
 46175 | Temple   | Gained mutation: Your magical capacity is low. (-10% MP) [potion of mutation]
 46175 | Temple   | Gained mutation: Your system is resistant to poisons. (rPois) [potion of mutation]
 48994 | D:15     | Found a staircase to the Depths.
 49002 | Depths:1 | Entered Level 1 of the Depths
 49012 | Depths:1 | Found Douba's Elemental Accessories.
 49203 | Depths:1 | Noticed Marvel's ghost (journeyman MiFi)
 49223 | Depths:1 | Killed Marvel's ghost
 49292 | Depths:1 | Found a gateway to Hell.
 49488 | Depths:1 | You fall through a shaft!
 50562 | Orc:2    | Killed Urug
 51090 | Elf:1    | Found Aperhiem's Gadget Shoppe.
 51109 | Elf:1    | Bought a wand of digging (19) for 644 gold pieces
 51162 | Elf:1    | Reached XP level 21. HP: 191/191 MP: 25/25
 51809 | Elf:1    | Got a smoking trident
 51810 | Elf:1    | Identified the +10 trident "Pendulum" {pierce, Str+5 Stlth+} (You acquired it on level 1 of the Elven Halls)
 52046 | Elf:1    | Reached skill level 23 in Fighting
 54313 | Depths:3 | Found Uphept's Jewellery Shoppe.
 54423 | Depths:3 | Found a one-way gate leading to the halls of Pandemonium.
 54790 | Depths:3 | Found Imuywk's Gadget Shop.
 55002 | Depths:3 | Paralysed by a great orb of eyes for 7 turns
 55435 | Depths:3 | Reached XP level 22. HP: 191/202 MP: 24/26
 55992 | Depths:3 | Got a pair of pitted gloves
 56007 | Depths:3 | Identified the +1 pair of gloves "Vupotanu" {Slay+3} (You found it on level 3 of the Depths)
 56474 | Depths:4 | Noticed Mara
 56479 | Depths:4 | Noticed malin's illusion
 56507 | Depths:3 | Killed Mara
 56507 | Depths:3 | Reached skill level 24 in Fighting
 56754 | Depths:4 | Noticed a golden dragon
 56775 | Depths:4 | Killed a golden dragon
 56906 | Depths:4 | Noticed Boris
 56930 | Depths:4 | Killed Boris
 57125 | Depths:4 | Found a one-way gate to the infinite horrors of the Abyss.
 58024 | Depths:4 | Noticed a caustic shrike
 58050 | Depths:4 | Killed a caustic shrike
 58390 | Depths:5 | Entered Level 5 of the Depths
 59159 | Depths:5 | Found a gateway to a ziggurat.
 59222 | Depths:5 | Found a gate to the Realm of Zot.
 59222 | Depths:5 | Noticed a golden dragon
 59222 | Depths:5 | Noticed a golden dragon
 59589 | Depths:4 | Killed a golden dragon
 59757 | Depths:5 | Killed a golden dragon
 59972 | Depths:5 | Found Tenohin's Gadget Shoppe.
 59973 | Depths:5 | Found Kaositaf's Jewellery Shop.
 59973 | Depths:5 | Found Omytonk's Jewellery Shop.
 59993 | Depths:5 | Bought an uncursed ring of protection from fire for 375 gold pieces
 59993 | Depths:5 | Bought an uncursed ring of resist corrosion for 300 gold pieces
 61155 | Vaults:3 | Reached XP level 23. HP: 167/211 MP: 21/27
 61751 | Vaults:2 | Reached skill level 10 in Invocations
 65082 | Vaults:5 | Entered Level 5 of the Vaults
 65131 | Vaults:5 | Noticed a golden dragon
 65144 | Vaults:5 | Killed a golden dragon
 65144 | Vaults:5 | Reached XP level 24. HP: 169/219 MP: 2/30
 65223 | Vaults:5 | Noticed an ancient lich
 65241 | Vaults:5 | Killed an ancient lich
 65366 | Vaults:5 | Reached skill level 15 in Invocations
 66529 | Vaults:5 | Found Kopsegg's Distillery.
 66529 | Vaults:5 | Found Irymas's Magic Scroll Emporium.
 66534 | Vaults:5 | Bought a potion of curing for 36 gold pieces
 66534 | Vaults:5 | Bought a potion of invisibility for 96 gold pieces
 66534 | Vaults:5 | Bought a potion of curing for 36 gold pieces
 66534 | Vaults:5 | Bought a potion of heal wounds for 60 gold pieces
 66534 | Vaults:5 | Bought a potion of invisibility for 96 gold pieces
 66534 | Vaults:5 | Bought 2 potions of heal wounds for 120 gold pieces
 66534 | Vaults:5 | Bought a potion of flight for 36 gold pieces
 66634 | Vaults:4 | Reached XP level 25. HP: 55/225 MP: 8/32
 67778 | Vaults:5 | Found Umilof's Magic Scroll Shop.
 67778 | Vaults:5 | Found Moynich's Food Shoppe.
 67781 | Vaults:5 | Found Jeomofuy's Food Emporium.
 67782 | Vaults:5 | Bought a scroll of magic mapping for 49 gold pieces
 67809 | Vaults:5 | Found Faz Vai's Distillery.
 67809 | Vaults:5 | Found Tibam's Food Shop.
 67813 | Vaults:5 | Bought a potion of curing for 60 gold pieces
 67813 | Vaults:5 | Bought a potion of might for 80 gold pieces
 67813 | Vaults:5 | Bought a potion of resistance for 200 gold pieces
 67827 | Vaults:5 | Found Esecsy's Distillery.
 67832 | Vaults:5 | Bought a potion of heal wounds for 80 gold pieces
 68077 | Vaults:5 | Got an uncursed ebony fustibalus {velocity}
 68140 | Vaults:5 | Got a pitted golden ring
 68185 | Vaults:5 | Got a silver rune of Zot
 68318 | Vaults:5 | Identified the ring of Jealousy {Wiz rC+ MR+} (You took it off an ogre mage on level 5 of the Vaults)
 68380 | Vaults:5 | Bought a scroll of blinking for 97 gold pieces
 68878 | Zot:1    | Entered Level 1 of the Realm of Zot
 69593 | Hell     | Entered the Vestibule of Hell
 69593 | Hell     | Noticed Geryon
 70161 | Hell     | Cast into level 2 of the Abyss (reaper)
 70161 | Abyss:2  | Found a corrupted altar of Lugonu.
 70236 | Abyss:2  | Noticed an ancient lich
 70473 | Abyss:2  | Reached skill level 15 in Polearms
 70478 | Abyss:2  | HP: 8/226 [reaper/scythe of protection (39)]
 70740 | Abyss:2  | Slain by a sun demon

Skill      XL: |  1  2  3  4  5  6  7  8  9 10 11 12 13 14 15 16 17 18 19 20 21 22 23 24 25 |
---------------+----------------------------------------------------------------------------+-----
Polearms       | 5 6 7 8 9 11 12 14 15 | 15.0
Invocations    | 5 8 13 17 | 17.3
Fighting       | 5 8 10 13 15 16 17 18 19 20 21 22 23 24 | 24.9
Dodging        | 6 10 12 13 15 16 17 18 19 20 21 22 | 22.8
Shields        | 5 7 9 10 11 12 13 15 16 18 19 20 21 22 | 22.2
Evocations     | 9 10 | 10.9
Throwing       | |  2.0

Action                   |  1- 3 |  4- 6 |  7- 9 | 10-12 | 13-15 | 16-18 | 19-21 | 22-24 | 25-27 || total
-------------------------+-------+-------+-------+-------+-------+-------+-------+-------+-------++-------
Melee: Trident           |   179 |   315 |   449 |   913 |  2245 |  2543 |  3024 |  2072 |   492 || 12232
       Tailslap          |       |       |       |       |     5 |   102 |    13 |    24 |     3 ||   147
Throw: Throwing net      |       |     2 |     3 |       |       |       |       |       |       ||     5
       Tomahawk          |       |     3 |     8 |     7 |     4 |       |    15 |    17 |     5 ||    59
       Stone             |       |       |       |     5 |     1 |       |       |       |       ||     6
Invok: Upheaval          |       |       |       |     7 |    22 |     3 |     4 |     9 |     1 ||    46
       Elemental Force   |       |       |       |     1 |       |       |     3 |       |       ||     4
       Disaster Area     |       |       |       |       |     1 |     4 |     8 |    11 |       ||    24
Evoke: Wand              |       |       |       |    14 |     5 |       |     8 |    10 |     1 ||    38
  Use: Scroll            |       |     9 |     4 |    14 |    20 |     9 |    21 |    13 |     6 ||    96
       Potion            |       |     3 |     4 |     3 |     1 |     1 |    26 |     8 |     3 ||    49
 Stab: Sleeping          |     1 |     1 |       |       |       |       |       |       |       ||     2
       Held in net/web   |       |       |     1 |       |       |       |       |       |       ||     1
       Distracted        |       |       |     1 |       |       |     2 |     1 |     1 |       ||     5
       Invisible         |       |       |       |       |       |       |     4 |       |       ||     4
       Fleeing           |       |       |       |       |       |       |     1 |       |       ||     1
       Petrifying        |       |       |       |       |       |       |       |     1 |       ||     1
  Eat: Chunk             |     2 |     9 |     7 |    13 |    22 |    12 |    21 |    11 |       ||    97
       Ration            |       |       |     2 |     2 |     5 |    11 |     9 |     8 |     4 ||    41
Armor: Leather armour    |    55 |    42 |    38 |       |       |       |       |       |       ||   135
       Plate armour      |       |       |    11 |   255 |   478 |    25 |   471 |    14 |       ||  1254
       Skin              |       |       |       |       |    20 |       |    15 |       |       ||    35
       Swamp dragon scal |       |       |       |       |       |   145 |       |       |       ||   145
       Scale mail        |       |       |       |       |       |    17 |       |       |       ||    17
       Gold dragon scale |       |       |       |       |       |       |       |   205 |    91 ||   296
Dodge: Dodged            |   141 |   155 |   117 |   151 |   550 |   954 |  1015 |   384 |   114 ||  3581
       Deflected         |       |       |       |     4 |    20 |    78 |    58 |    47 |    10 ||   217
Block: Other             |       |       |     6 |    16 |       |       |       |       |       ||    22
       Buckler           |       |       |       |   206 |  1198 |  1413 |  1583 |       |       ||  4400
       Large shield      |       |       |       |       |     5 |       |       |       |       ||     5
       Shield            |       |       |       |       |       |       |   349 |  1402 |   439 ||  2190
